 Dungeon Crawl Stone Soup version 0.17.2-1-ge4368a0 (webtiles) character file.

39 tidbits the Changer (level 3, 3/27 HPs)
             Began as a Demigod Transmuter on Sept 22, 2017.
             Quit the game on level 2 of the Dungeon.
             The game lasted 00:03:11 (457 turns).

tidbits the Changer (Demigod Transmuter)             Turns: 457, Time: 00:03:11

Health: 3/27       AC:  2    Str: 13    XL:     3   Next: 13%
Magic:  8/8        EV: 12    Int: 19    God:
Gold:   41         SH:  0    Dex: 16    Spells: 3 memorised, 0 levels left

rFire  . . .     SeeInvis .     d - +1 dagger (venom)
rCold  . . .     Clarity  .     b - +0 robe
rNeg   . . .     SustAt   +     (no shield)
rPois  .         Gourm    .     (no helmet)
rElec  .         Spirit   .     (no cloak)
rCorr  .         Warding  .     (no gloves)
rMut   .         Stasis   .     (boots currently unavailable)
MR     .....                    (no amulet)
Stlth  +.........               (no ring)
                                (no ring)

@: lethally poisoned (3 -> -11), appendage (expiring), not resistant to hostile
enchantments, very unstealthy
A: talons 3, high mp 1, sustain attributes
a: End Transformation


You were on level 2 of the Dungeon.
You were not hungry.
You had grown temporary talons.
You visited 1 branch of the dungeon, and saw 3 of its levels.

You collected 41 gold pieces.

Inventory:

Hand Weapons
 d - a +1 dagger of venom (weapon)
   (You took it off a goblin on level 1 of the Dungeon)
Missiles
 a - 10 arrows
Armour
 b - a +0 robe (worn)
Scrolls
 e - a scroll of remove curse {unknown}
 h - a scroll of enchant weapon {unknown}
Books
 c - a book of Changes

   Spells                             Type                      Level
   a - Beastly Appendage              Transmutation                1
   b - Sticks to Snakes               Transmutation                2
   c - Spider Form                    Transmutation/Poison         3
   d - Ice Form                       Ice/Transmutation            4
   e - Blade Hands                    Transmutation                5
Miscellaneous
 g - a plain deck of wonders
   (You found it on level 2 of the Dungeon)
Comestibles
 f - 2 meat rations
 v - a bread ration


   Skills:
 - Level 0.8 Fighting
 - Level 1.7 Dodging
 + Level 2.8 Unarmed Combat
 - Level 2.0 Spellcasting
 - Level 3.1 Transmutations


You couldn't memorise any spells.
You knew the following spells:

 Your Spells              Type           Power        Failure   Level  Hunger
e - Beastly Appendage     Trmt           ##....       6%          1    #......
k - Sticks to Snakes      Trmt           ##........   10%         2    ###....
p - Spider Form           Trmt/Pois      #.........   28%         3    ###....


Dungeon Overview and Level Annotations

Branches:
Dungeon (3/15)


Innate Abilities, Weirdness & Mutations

You have an increased reservoir of magic (+10% MP).
Your attributes are resistant to harm.
You have claws for feet.


Message History

What do you say? t - Shout!
Orders for allies: a - Attack new target. r - Retreat! s - Stop attacking. w - Wait here. f - Follow me.
Anything else - Stay silent.
You shout for attention!
An adder comes into view.
You aren't carrying any potions.
Unknown command.
Casting: Sticks to Snakes
Confirm with . or Enter, or press ? or * to list all spells.
You grow a pair of large bovine horns.
You hit the adder.
The adder is poisoned.
The adder is moderately wounded.
The adder misses you.
Your ball python barely misses the adder.
Your ball python misses the adder.
The adder barely misses you.
Your ball python misses the adder.
Your ball python barely misses the adder.
You barely miss the adder. You headbutt the adder!
You kill the adder!
Your Transmutations skill increases to level 3!
The adder closely misses you.
You hit the adder.
The adder is poisoned.
Your headbutt misses the adder. Your punch misses the adder.
The adder is moderately wounded.
Your ball python bites the adder.
Your ball python misses the adder.
The adder completely misses you.
You hit the adder. Your headbutt misses the adder.
The adder is severely wounded.
Your ball python closely misses the adder.
Your ball python grabs the adder.
Your ball python constricts the adder.
The adder closely misses you.
Your ball python bites the adder.
Your ball python constricts the adder.
You barely miss the adder. You headbutt the adder.
You kill the adder!
You have reached level 3!
Your experience leads to an increase in your attributes!
Increase (S)trength, (I)ntelligence, or (D)exterity?
You feel clever. x2
Your transformation is almost over.
Memorise Spider Form, consuming 3 spell levels and leaving 0?
You start memorising the spell.
You continue memorising.
You continue memorising. x2
You finish memorising.
Spell assigned to 'p'.
Found a dagger.
Found a stone staircase leading up.
Your horns disappear.
You now have 41 gold pieces (gained 6).
You swap places.
You see here a dagger.
There is a stone staircase leading up here.
Your ball python withers and dies!
You climb upwards.
The hobgoblin shouts!
There is a stone staircase leading down here.
Casting: Beastly Appendage
Confirm with . or Enter, or press ? or * to list all spells.
Your feet morph into talons.
A goblin comes into view. It is wielding a club.
The hobgoblin completely misses you.
You barely miss the hobgoblin. The hobgoblin closely misses you.
The goblin shouts!
You hit the hobgoblin but do no damage.
You claw the hobgoblin, but do no damage.
The hobgoblin closely misses you.
You hit the hobgoblin. You claw the hobgoblin.
You kill the hobgoblin!
A kobold comes into view. It is wielding a short sword of venom.
You barely miss the goblin. You claw the goblin.
The goblin is severely wounded.
The goblin misses you.
You barely miss the goblin. Your kick misses the goblin.
The goblin is severely wounded.
The goblin hits you with a club.
* * * LOW HITPOINT WARNING * * *
You hit the goblin.
You kill the goblin!
Your transformation is almost over.
You closely miss the kobold. Your kick misses the kobold.
The kobold closely misses you.
You barely miss the kobold.
The kobold hits you with a short sword of venom.
* * * LOW HITPOINT WARNING * * *
You are lethally poisoned!
You hit the kobold.
The kobold is poisoned.
Your kick misses the kobold.
The kobold is heavily wounded.
* * * LOW HITPOINT WARNING * * *
You feel sick.
The kobold hits you with a short sword of venom.
* * * LOW HITPOINT WARNING * * *
You are more poisoned.
You hit the kobold.
You kill the kobold!
* * * LOW HITPOINT WARNING * * *
You feel sick.
You aren't carrying any potions.
Unknown command.
Are you sure you want to abandon this character and quit the game? (Confirm with "yes".)

.......#.#.......#
..........(###....
.........### ##.## .
####...## ##.## ..
###.#.# #..#. ...
#...#.### #.##. #...
####.#.....# #.#..
###..##..).#.....# ##.#.#
........@.##.....###....#
......)...##....)...>.###
.........>#..........####
.....................# #.
..#########.........## #.
. ##........# #.
#........# #. #........#
#. .........## #.


There were no monsters in sight!

Vanquished Creatures
  3 adders (D:3)
  A ball python (D:2)
  3 hobgoblins
  3 kobolds
  A quokka (D:3)
  3 bats
  2 goblins
16 creatures vanquished.

Notes
Turn   | Place    | Note
--------------------------------------------------------------
     0 | D:1      | tidbits the Demigod Transmuter began the quest for the Orb.
     0 | D:1      | Reached XP level 1. HP: 15/15 MP: 5/5
     8 | D:1      | Found an iron altar of Okawaru.
    88 | D:2      | Found a sparkling altar of Nemelex Xobeh.
   298 | D:2      | Reached skill level 2 in Transmutations
   319 | D:2      | Reached skill level 2 in Spellcasting
   359 | D:3      | Reached XP level 2. HP: 17/22 MP: 5/7
   363 | D:3      | Learned a level 2 spell: Sticks to Snakes
   414 | D:3      | Reached skill level 3 in Transmutations
   419 | D:3      | Reached XP level 3. HP: 9/27 MP: 5/8
   424 | D:3      | Learned a level 3 spell: Spider Form
   457 | D:2      | Quit the game

Action                   || total
-------------------------++-------
Melee: Dagger            ||    43
       Unarmed           ||     3
 Cast: Beastly Appendage ||     8
       Sticks to Snakes  ||     2
 Stab: Sleeping          ||     2

Table legend:
 A = Turns spent in this place as a percentage of turns spent in the entire game.
 B = Non-inter-level travel turns spent in this place as a percentage of non-inter-level travel turns spent in the entire game.
 C = Inter-level travel turns spent in this place as a percentage of turns spent in this place.
 D = Turns resting spent in this place as a percentage of non-inter-level travel turns spent in this place.
 E = Turns spent auto-exploring this place as a percentage of non-inter-level travel turns spent in this place.
 F = Non-inter-level travel turns spent in this place divided by the number of levels of this place that you've seen.
                   A       B       C       D       E      F
               +-------+-------+-------+-------+-------+----------------------
         Total | 100.0 | 100.0 |   0.2 |   0.0 |   0.0 | 145.3
       Dungeon | 100.0 | 100.0 |   0.2 |   0.0 |   0.0 | 145.3
               +-------+-------+-------+-------+-------+----------------------

Table legend:
 A = Kills in this place as a percentage of kills in entire the game.
 B = Kills by you in this place as a percentage of kills by you in the entire game.
 C = Kills by friends in this place as a percentage of kills by friends in the entire game.
 D = Other kills in this place as a percentage of other kills in the entire game.
 E = Experience gained in this place as a percentage of experience gained in the entire game.
 F = Experience gained in this place divided by the number of levels of this place that you have seen.
                   A       B       C       D       E      F
               +-------+-------+-------+-------+-------+----------------------
         Total | 100.0 | 100.0 |  -nan |  -nan | 100.0 |  19.0
       Dungeon | 100.0 | 100.0 |  -nan |  -nan | 100.0 |  19.0
               +-------+-------+-------+-------+-------+----------------------

Vault maps used:
D:1:      sevenhm_arrival_forest_fort_small_6
D:2:      nemelex_deck
D:3:      first_bread
